Map: Echo LE (Void)

Players

Player1 (Seed) - Winner!

  • Race: Protoss Protoss

Player4 (GuMiho)

  • Race: Terran Terran

Event: Team Gravity's Fight Night #13

VOD

https://www.youtube.com/watch?v=8zqqsS00DPA&list=PL_BOlLcv8KbhFbvTakl6AYJq-DW01oMw_

Description

Time

  • Played on: April 5, 2015, 7:57 p.m.
  • Length: 14:37

All games in this series

Show
View Real Time Build Order
Export as new Build Order

Player1 Protoss - Winner!

Build Orders: 1 Gate MSC Expand, Adept Opening, Skytoss, Disruptor Drop 

Get SALT Encoding   

  12  0:00  Probe  
  13  0:15  Pylon  
  13  0:16  Probe  
  14  0:33  Probe (Chrono Boost)  
  15  0:37  Gateway  
  15  0:42  Probe (Chrono Boost)  
  16  0:50  Probe, Assimilator  
  16  0:52  Assimilator  
  17  1:02  Probe (Chrono Boost)  
  18  1:06  Pylon  
  18  1:14  Probe (Chrono Boost)  
  19  1:21  Probe (Chrono Boost)  
  19  1:24  Cybernetics Core  
  20  1:31  Probe  
  21  1:43  Probe  
  22  1:55  Probe  
  22  2:01  Adept (Chrono Boost), Warp Gate  
  25  2:07  Probe  
  26  2:13  Nexus  
  26  2:20  Mothership Core (Chrono Boost)  
  30  2:26  Pylon  
  28  2:34  Sentry  
  30  2:44  Probe  
  31  2:52  Robotics Facility  
  31  2:56  Probe  
  32  3:08  Probe  
  33  3:20  Probe (Chrono Boost)  
  33  3:25  Probe (Chrono Boost)  
  33  3:32  Sentry, Probe (Chrono Boost)  
  36  3:35  Gateway x2  
  36  3:36  Probe (Chrono Boost)  
  36  3:39  Probe (Chrono Boost)  
  36  3:40  Observer  
  39  3:42  Probe  
  39  3:45  Pylon  
  40  3:49  Probe  
  40  3:54  Probe (Chrono Boost)  
  41  4:01  Probe (Chrono Boost)  
  42  4:03  Robotics Bay  
  42  4:07  Probe (Chrono Boost)  
  42  4:09  Assimilator  
  43  4:11  Assimilator  
  43  4:13  Probe (Chrono Boost)  
  43  4:15  Probe (Chrono Boost)  
  45  4:18  Warp Prism (Chrono Boost)  
  45  4:19  Probe (Chrono Boost)  
  45  4:24  Probe  
  49  4:30  Probe  
  50  4:36  Stalker, Probe  
  54  4:49  Stalker  
  57  4:53  Pylon  
  57  4:56  Pylon  
  57  4:59  Disruptor (Chrono Boost)  
  59  5:02  Probe  
  59  5:03  Gravitic Drive (Chrono Boost)  
  60  5:11  Probe, Forge  
  61  5:14  Probe  
  61  5:16  Pylon  
  61  5:20  Pylon  
  62  5:24  Probe  
  67  5:29  Stalker, Zealot x2  
  67  5:32  Disruptor (Chrono Boost)  
  73  5:39  Pylon  
  73  5:51  Photon Cannon  
  73  5:52  Photon Cannon  
  73  6:03  Immortal (Chrono Boost)  
  73  6:04  Protoss Ground Weapons Level 1 (Chrono Boost)  
  77  6:05  Disruptor x2  
  77  6:12  Stalker  
  79  6:19  Nexus  
  79  6:20  Pylon  
  79  6:25  Probe x2  
  81  6:29  Stargate  
  81  6:30  Stargate  
  81  6:37  Probe  
  82  6:44  Disruptor x2  
  82  6:49  Immortal (Chrono Boost)  
  82  6:50  Probe x2  
  88  7:03  Stargate, Photon Cannon  
  88  7:05  Probe x2  
  88  7:06  Assimilator  
  90  7:09  Assimilator  
  90  7:17  Probe x2  
  79  7:30  Stalker, Zealot x2  
  82  7:43  Probe x2  
  77  7:51  Probe  
  70  7:52  Disruptor x2  
  70  7:55  Stalker x2, Probe x2 (Chrono Boost)  
  74  7:58  Fleet Beacon  
  74  8:02  Pylon  
  74  8:03  Probe (Chrono Boost)  
  75  8:07  Probe (Chrono Boost)  
  75  8:11  Probe (Chrono Boost)  
  77  8:16  Probe (Chrono Boost)  
  77  8:20  Disruptor x2  
  77  8:21  Stalker x3  
  76  8:30  Probe x2  
  76  8:31  Probe  
  79  8:42  Probe  
  69  9:02  Tempest x2 (Chrono Boost), Disruptor x2  
  79  9:09  Tempest (Chrono Boost)  
  77  9:14  Pylon  
  77  9:22  Probe x3  
  80  9:24  Assimilator  
  80  9:36  Tempest (Chrono Boost)  
  84  9:45  Tempest (Chrono Boost)  
  86  9:49  Probe x2  
  86  9:50  Tempest (Chrono Boost)  
  86  9:51  Probe  
  85  9:56  Photon Cannon  
  85  10:01  Stalker  
  87  10:07  Protoss Air Weapons Level 1 (Chrono Boost)  
  87  10:16  Tempest (Chrono Boost)  
  95  10:21  Tempest (Chrono Boost)  
  95  10:41  Stalker x3  
  89  10:56  Carrier x2 (Chrono Boost)  
  90  11:14  Probe x3  
  90  11:16  Carrier (Chrono Boost)  
  99  11:33  Graviton Catapult  
  99  11:40  Stalker x2  
  101  11:55  Carrier (Chrono Boost)  
  79  12:19  Stalker  
  83  12:26  Sentry x2  
  87  12:50  Sentry x3  
  83  13:57  Stalker x2  
Show
View Real Time Build Order
Export as new Build Order

Player4 Terran 

Build Orders: Command Center First (CC), Hellion Cyclone 

Get SALT Encoding   

  12  0:01  SCV  
  13  0:13  SCV  
  14  0:24  Supply Depot  
  14  0:25  SCV  
  15  0:46  SCV  
  16  0:58  Command Center, SCV  
  17  1:09  Barracks  
  17  1:12  SCV  
  17  1:17  Refinery  
  18  1:24  SCV  
  19  1:29  Refinery  
  19  1:36  SCV  
  20  1:48  SCV  
  21  2:00  Marine, Orbital Command  
  22  2:08  Factory  
  22  2:11  Orbital Command  
  22  2:19  Barracks Reactor  
  22  2:26  SCV  
  23  2:36  SCV  
  24  2:38  SCV  
  24  2:39  Supply Depot  
  25  2:48  SCV  
  25  2:50  SCV  
  27  2:57  Engineering Bay  
  27  3:00  SCV  
  27  3:02  SCV, Hellion x2  
  27  3:05  Barracks Tech Lab  
  31  3:13  SCV  
  31  3:25  Hellion x2  
  31  3:26  SCV  
  35  3:27  SCV  
  35  3:39  Factory  
  35  3:42  SCV x2, Factory  
  35  3:47  Widow Mine  
  35  3:48  Widow Mine  
  41  3:53  Barracks Tech Lab  
  41  3:55  SCV x2  
  39  3:58  Supply Depot  
  39  4:05  Missile Turret  
  39  4:07  SCV x2  
  39  4:09  Missile Turret  
  39  4:19  SCV x2  
  41  4:30  Cyclone  
  41  4:31  Cyclone  
  47  4:33  SCV x2  
  47  4:36  Armory, Refinery  
  47  4:38  Refinery  
  49  4:40  Hellion x2  
  49  4:45  SCV  
  54  4:46  Supply Depot  
  54  4:51  Supply Depot  
  54  4:52  SCV  
  55  4:57  SCV  
  54  5:04  SCV  
  54  5:06  Cyclone  
  58  5:09  SCV  
  58  5:12  Cyclone  
  64  5:14  Hellion  
  64  5:16  Hellion, Missile Turret  
  64  5:18  SCV  
  68  5:21  SCV  
  68  5:28  Supply Depot, Unknown  
  68  5:30  SCV  
  68  5:33  SCV  
  70  5:41  Terran Vehicle and Ship Weapons Level 1  
  71  5:42  SCV  
  71  5:45  SCV  
  79  6:00  Command Center  
  79  6:01  SCV x2  
  74  6:05  Cyclone x2  
  74  6:08  Hellion x2  
  84  6:18  SCV x2  
  86  6:22  Supply Depot  
  86  6:27  Supply Depot  
  86  6:32  Factory  
  86  6:33  Factory  
  86  6:41  SCV x2, Hellion x2  
  86  6:45  Missile Turret  
  83  6:52  Cyclone x2  
  83  6:53  SCV x2  
  91  7:01  Supply Depot  
  91  7:03  Hellion x2  
  91  7:05  SCV x2  
  97  7:13  Orbital Command  
  97  7:17  Factory Tech Lab, SCV x2  
  90  7:30  Hellion x2  
  90  7:31  Cyclone  
  90  7:32  Cyclone  
  90  7:33  Factory Tech Lab  
  90  7:35  SCV x2  
  91  7:47  SCV  
  84  7:54  Cyclone  
  84  7:56  SCV x2  
  84  7:57  Refinery  
  82  7:59  Refinery  
  82  8:00  Missile Turret  
  82  8:02  SCV  
  79  8:08  SCV x2, Hellion x2  
  85  8:15  Siege Tank  
  88  8:25  SCV x2  
  84  8:31  SCV  
  67  8:37  SCV x2, Cyclone  
  69  8:43  SCV  
  67  8:49  SCV  
  67  8:50  SCV  
  67  8:55  SCV  
  70  9:01  SCV  
  70  9:02  SCV, Missile Turret  
  68  9:07  SCV  
  68  9:08  Cyclone x2  
  72  9:14  SCV x2  
  74  9:24  Cyclone  
  77  9:32  Hellion x2  
  71  9:41  SCV x3  
  74  9:47  Hellion x3  
  74  9:48  Infernal Pre-Igniter  
  80  9:54  Hellion x2  
  80  9:55  Terran Vehicle and Ship Weapons Level 2  
  80  9:56  Hellion  
  80  9:58  SCV  
  80  9:59  SCV  
  88  10:01  Command Center  
  88  10:04  Missile Turret  
  88  10:06  Missile Turret  
  88  10:09  Missile Turret  
  88  10:12  Cyclone x2  
  94  10:15  Cyclone  
  94  10:16  Hellion x2  
  94  10:18  Hellion  
  94  10:20  SCV x3  
  100  10:41  Cyclone  
  95  10:42  Hellion  
  95  10:43  Hellion  
  95  10:44  Cyclone x2  
  95  10:47  Hellion  
  89  11:04  Hellion  
  89  11:09  Cyclone  
  88  11:13  Cyclone  
  88  11:16  Cyclone  
  94  11:24  Hellion  
  94  11:25  Starport  
  98  11:26  Cyclone  
  98  11:30  Command Center  
  84  12:02  Cyclone x2  
  83  12:11  Cyclone x2  
  80  12:24  Hellion x2  
  80  12:27  Planetary Fortress  
  84  12:34  Cyclone  
  84  12:40  Cyclone  
  84  12:43  Hellion x2  
  88  12:47  Hellion x2  
  88  12:50  Planetary Fortress  
  92  12:54  Refinery  
  92  12:57  Refinery  
  89  13:06  Command Center  
  89  13:07  Cyclone  
  83  13:13  Command Center  
  83  13:16  Cyclone  
  77  13:28  Cyclone  
  77  13:42  Cyclone  
  77  13:43  Hellion x2  
  70  13:59  Cyclone  
  70  14:01  Hellion x2  
  76  14:02  SCV  
  76  14:04  Hellion x2  
  76  14:05  Missile Turret  
  76  14:06  Missile Turret  
  76  14:07  Missile Turret x2  
  80  14:14  Hellion  

Tags
 
Add a new tag
Caveats
  • Supply blocks, unpowered buildings, or Contaminate may cause inaccurate times.
  • Supply counts are checked every 10 seconds.